Cogmind - Beta 9.4 @@@ ROGUE MODE // 2020.01.14 @ 15:21:08 // Winter2019/RPGLIKE Player: Hermelin Result: Destroyed by G-47 Trooper with Particle Gun Performance ------------- Evolutions (0) 0 Regions Visited (1) 200 Robots Destroyed (15) 75 Value Destroyed (254) 254 Prototype IDs (0) 0 Alien Tech Used (0) 0 Bonus (0) 0 TOTAL SCORE: 529 Bonus ------- None Cogmind --------- Core Integrity 0/600 Matter 284/300 Energy 125/125 System Corruption 0% Temperature Cool (9) Movement Flying (37) Location -10/Materials Parts ------- > --- POWER (1) -------- Light Ion Engine > --- PROPULSION (2) --- Flight Unit Flight Unit > --- UTILITY (4) ------ Improved Terrain Scanner Seismic Analyzer > --- WEAPON (1) ------- Light Assault Rifle > --- INVENTORY (0) ---- (None) Peak State ------------ > --- POWER ------------ Light Ion Engine > --- PROPULSION ------- Wheel Flight Unit > --- UTILITY ---------- Improved Terrain Scanner Seismic Analyzer > --- WEAPON ----------- Assault Rifle > --- INVENTORY -------- (None) [Rating: 7] Favorites ----------- Power Light Ion Engine Engine Light Ion Engine Propulsion Flight Unit Wheel Wheel Flight Unit Flight Unit Utility Seismic Analyzer Device Improved Terrain Scanner Processor Seismic Analyzer Weapon Light Assault Rifle Ballistic Gun Light Assault Rifle Build | -11 -10 ------- Run | Scr Mat Slots Evolved 4 | 4 . Power . | . . Propulsion 1 | 1 . Utility 3 | 3 . Weapon . | . . Parts Attached 9 | 6 3 Power 2 | 2 . Engine 2 | 2 . Core . | . . Reactor . | . . Propulsion 3 | 1 2 Treads . | . . Leg . | . . Wheel 1 | 1 . Hover . | . . Flight 2 | . 2 Utility 2 | 2 . Device 1 | 1 . Storage . | . . Processor 1 | 1 . Hackware . | . . Protection . | . . Artifact . | . . Weapon 2 | 1 1 Energy Gun . | . . Energy Cannon . | . . Ballistic Gun 2 | 1 1 Ballistic Cannon . | . . Launcher . | . . Special Weapon . | . . Impact Weapon . | . . Slashing Weapon . | . . Piercing Weapon . | . . Special Melee Weapon . | . . Unidentified Prototypes . | . . Parts Lost . | . . Power . | . . Propulsion . | . . Utility . | . . Weapon . | . . Highest Loss Streak . | . . Average Slot Usage (%) 71 | . 71 Engine 12 | . 12 Wheel 2 | . 2 Flight 18 | . 18 Device 12 | . 12 Processor 12 | . 12 Ballistic Gun 12 | . 12 Naked Turns . | . . Heaviest Build 8 | 8 6 Greatest Support 10 | 10 10 Greatest Overweight (x) 1 | . 1 Average Overweight (x) . | . . Largest Inventory Capacity . | . . Average Capacity . | . . Most Carried . | . . Average Carried . | . . Final Capacity . | . . Final Carried . | . . Class Distribution -------------------- 55% | Scavenger-Mutant 44% | Mutant Dominant Class ---------------- Scavenger-Mutant | -10/Materials Resources | -11 -10 ----------- Run | Scr Mat Matter Collected 455 | 329 126 Remotely . | . . Salvage Created 384 | 160 224 Parts 33 | 11 22 Haulers Intercepted . | . . Recyclers Shooed . | . . Parts Field Recycled . | . . Retrieved Matter . | . . Parts Self-Destructed . | . . Prevented . | . . Kills | -11 -10 ------- Run | Scr Mat Combat Hostiles Destroyed 9 | . 9 Guns 9 | . 9 Classes Destroyed 5 | 3 2 Worker 1 | 1 . Tunneler 4 | 4 . Recycler 1 | 1 . Swarmer 5 | . 5 Grunt 4 | . 4 Best Kill Streak 5 | 5 3 Combat Bots Only 3 | . 3 Max Kills in Single Turn 1 | 1 1 Gunslinging . | . . Exploded . | . . Melee . | . . Uniques/NPCs Destroyed . | . . Combat | -11 -10 -------- Run | Scr Mat Damage Taken 753 | . 753 Core 628 | . 628 Absorbed by Shields . | . . Redirected to Core 402 | . 402 Core Remaining (%) 100 | 100 . Volleys Fired 123 | 24 99 Largest 1 | 1 1 Hottest 20 | 20 20 Shots Fired 123 | 24 99 Gun 123 | 24 99 Cannon . | . . Launcher . | . . Special . | . . Kinetic 123 | 24 99 Thermal . | . . Explosive . | . . Electromagnetic . | . . Robot Hit Streak 8 | 8 6 Robot Miss Streak 5 | 1 5 Penetration Max . | . . Secondary Targets . | . . Shots Hit Robots 78 | 19 59 Core Hits 30 | 7 23 Critical Hits 2 | 1 1 Critical Kills . | . . Critical Parts Destroyed 2 | 1 1 Melee Attacks . | . . Impact . | . . Slashing . | . . Piercing . | . . Sneak Attacks . | . . Combat Hostiles . | . . Follow-up Attacks . | . . Damage Inflicted 787 | 249 538 Guns 787 | 249 538 Cannons . | . . Explosions . | . . Melee . | . . Ramming . | . . Kinetic 787 | 249 538 Thermal . | . . Explosive . | . . Electromagnetic . | . . Impact . | . . Slashing . | . . Piercing . | . . Highest Corruption . | . . Average Corruption . | . . Corruption Purged . | . . Overload Shots . | . . Overflow Damage . | . . Projectiles . | . . Explosions . | . . Melee . | . . Knockbacks . | . . Impact . | . . Kinetic . | . . Secondary . | . . Self-Inflicted Damage 98 | . 98 Shots 2 | . 2 Rammed . | . . Targets Rammed . | . . Kicked . | . . Crushed . | . . Highest Temperature 13 | . 13 Average Temperature 3 | . 3 Received Heat Transfer 204 | . 204 Siege Activations . | . . Robots Corrupted . | . . Combat Hostiles . | . . Parts Fried . | . . Impact Corruptions . | . . Robots Melted . | . . Combat Hostiles . | . . Parts Melted . | . . Heat Transferred . | . . Parts Sabotaged . | . . Parts Stolen . | . . Parts Stripped . | . . Power Chain Reactions . | . . Missiles Intercepted . | . . Alert | -11 -10 ------- Run | Scr Mat Peak Influence 311 | 30 311 Average Influence 112 | 13 149 Maximum Alert Level 1 | . 1 Low Security (%) 82 | 100 72 Level 1 17 | . 27 Level 2 . | . . Level 3 . | . . Level 4 . | . . Level 5 . | . . High Security . | . . Max Security . | . . Squads Dispatched . | . . Investigation . | . . Extermination . | . . Reinforcement . | . . Assault . | . . Garrison . | . . Intercept . | . . Construction Impeded . | . . Haulers Reinforced . | . . Stealth | -11 -10 --------- Run | Scr Mat Distress Signals 1 | . 1 Communications Jammed . | . . Distress Signals . | . . Times Spotted 21 | . 21 Peak Tracking Total 7 | . 7 Tactical Retreats . | . . Traps | -11 -10 ------- Run | Scr Mat Traps Triggered 1 | . 1 Indirectly . | . . Trap Hack Attempts . | . . Triggered . | . . Disarmed 3 | . 3 Reprogrammed . | . . Reused . | . . Traps Extracted . | . . Installed . | . . Triggered . | . . Machines | -11 -10 ---------- Run | Scr Mat Machines Disabled 2 | . 2 Max in Single Turn 2 | . 2 Machines Sabotaged . | . . Garrisons Compromised . | . . Overloaded Fab Kills . | . . Fab Network Shutdowns . | . . Hacking | -11 -10 --------- Run | Scr Mat Machines Accessed 3 | . 3 Terminals 2 | . 2 Fabricators . | . . Repair Stations . | . . Recycling Units 1 | . 1 Scanalyzers . | . . Garrison Access . | . . Total Hacks 10 | . 10 Successful 6 | . 6 Failed 4 | . 4 Catastrophic 1 | . 1 Database Lockouts . | . . Manual 8 | . 8 Terminals 8 | . 8 Fabricators . | . . Repair Stations . | . . Recycling Units 2 | . 2 Scanalyzers . | . . Garrison Access . | . . Terminal Hacks 2 | . 2 Disarm Traps 1 | . 1 Registered Components 1 | . 1 Fabricator Hacks . | . . Repair Station Hacks . | . . Recycling Unit Hacks . | . . Scanalyzer . | . . Garrison Access Hacks . | . . Unauthorized Hacks 9 | . 9 Terminals 2 | . 2 Botnet 2 | . 2 Fabricators . | . . Repair Stations . | . . Recycling Units 2 | . 2 Monitor 1 | . 1 Mask 1 | . 1 Scanalyzers . | . . Garrison Access . | . . Data Cores Recovered . | . . Used . | . . Hacking Detections 2 | . 2 Full Trace Events 1 | . 1 Feedback Events . | . . Feedback Blocked . | . . Robot Schematics Acquired . | . . Robots Built . | . . Matter . | . . Time . | . . Total Robot Build Rating . | . . Part Schematics Acquired . | . . Parts Built . | . . Matter . | . . Time . | . . Total Part Build Rating . | . . Parts Repaired . | . . Time . | . . Parts Recycled . | . . Recycled Matter . | . . Retrieved Matter . | . . Retrieved Components . | . . Parts Scanalyzed . | . . Part Schematics Acquired . | . . Parts Damaged . | . . Bothacking | -11 -10 ------------ Run | Scr Mat Used RIF Installer . | . . Robots Hacked . | . . Non-combat . | . . Combat . | . . Robot Hacks Applied . | . . Relay Couplers Released . | . . Robots Rewired . | . . Allies Hacked . | . . Hacks Repelled . | . . Allies | -11 -10 -------- Run | Scr Mat Total Allies . | . . Largest Group . | . . Highest-Rated Group . | . . Highest-Rated Ally . | . . Total Orders . | . . Ally Attacks . | . . Total Damage . | . . Kills . | . . Allies Corrupted . | . . Allies Melted . | . . Intel | -11 -10 ------- Run | Scr Mat Robot Analysis Total . | . . Derelict Logs Recovered . | . . Drone Launches . | . . Drone Recoveries . | . . Exploration | -11 -10 ------------- Run | Scr Mat Turns Passed 506 | 136 370 Spaces Moved 406 | 90 316 Core 7 | 7 . Treads . | . . Legs . | . . Wheels 165 | 83 82 Hover . | . . Flight 234 | . 234 Fastest Speed 37 | 50 37 Average Speed 54 | 77 48 Slowest Speed 120 | 80 120 Overloaded Moves . | . . Propulsion Burnouts . | . . Robots Hopped 3 | . 3 Cave-ins Triggered . | . . Exploration Rate (%) 30 | 4 56 Regions Visited 1 Branch Regions . Pre-discovered Areas . | . . Known Exits Taken . | . . Unknown Exits Taken 1 | 1 . Scrap Searched . | . . Spaces Dug . | . . Terrain Destroyed 14 | . 14 Melee . | . . Projectile . | . . AOE 14 | . 14 Actions | -11 -10 --------- Run | Scr Mat Total 578 | 129 449 Wait 35 | 9 26 Move 399 | 89 310 Hop 3 | . 3 Pick Up . | . . Fast Attach 9 | 6 3 Attach . | . . Detach . | . . Swap . | . . Drop 3 | 1 2 Fire 123 | 24 99 Melee . | . . Ram . | . . Kick . | . . Crush . | . . Escape Stasis . | . . Rewire . | . . Trap . | . . Miscellaneous 6 | . 6 Route ------- -11/Scrapyard -10/Materials (discovered 3 exits: [*Mat x2] / [*Min]) History --------- Turn | Location | Event 2 | -11/Scrapyard | Met Revision 17 17 | -11/Scrapyard | Discovered new exit (range 15) 24 | -11/Scrapyard | Upgraded with Propulsion slot (x1) 24 | -11/Scrapyard | Upgraded with Utility slot (x3) 137 | -11/Scrapyard | Entered Materials 244 | -10/Materials | Discovered new exit (range 9) 366 | -10/Materials | Discovered new exit (range 14) 415 | -10/Materials | Core integrity fell below 50% 449 | -10/Materials | Discovered new exit (range 15) 477 | -10/Materials | Core integrity fell below 20% 507 | -10/Materials | Destroyed by G-47 Trooper with Particle Gun Last Messages --------------- 00433_ U-05 Engineer builds a Wall. 00433_ U-05 Engineer lays Concrete. 00435_ Acquired 17 matter. 00435_ U-05 Engineer lays Concrete. 00438_ U-05 Engineer builds a Wall. 00439_ U-05 Engineer lays Concrete. 00444_ K-01 Serf collects debris. 00444_ U-05 Engineer lays Concrete. 00447_ K-01 Serf collects debris. 00447_ U-05 Engineer lays Concrete. 00448_ Acquired 7 matter. 00448_ U-05 Engineer lays Concrete. 00449_ EXIT=FOUND 00449_ U-05 Engineer lays Concrete. 00451_ K-01 Serf collects debris. 00468_ S-10 Pest destroyed. 00475_ Acquired 10 matter. 00477_ U-05 Engineer lays Concrete. 00487_ S-10 Pest destroyed. 00504_ G-34 Mercenary destroyed. Map ----- +----------------------------------------------------+ | | | | | | | | | | | | | | | | | | | | | | | | | | | | | | | | | | | | | | | ?????????????#????#??######?###?##??#??#?????????? | | ??????????#?##??? ???# !!! #??##??? ? ??? ????? | | ???????????#?#???"""## !! #?##???? ? ????? ????? | | ????????????#?? "???# !! ##???#??? ?????"??????? | | ???????????##????"??## ######?? "Y"????? ????? | | ????????????????? ?# #????#???""???? ??????? | | ?????????????? ?????# %[@ ######## ??? ? ? ????? | | ??????????#?#####+######g### ##########+### ?? | | ???????? ?#### s% ! | | ??????? < %[ | | ??????? == !! | | ??????? #####/### ! ####### ?? | | ???????? / % ## #?#??????? | | ???????? =!####### ## #??????#?# | | ????????? ? ?##???# [## #?####???? | | ???????????????????# # #??#?????? | | ?????????????#?#??## # ###??#??# | | ?????????? ? ??#??## # #???#?##? | | ???????????# #?#??######### ##??????? | | ???????????# ???#?#?##????# #???????? | | ???????????# ##??????#??### ##?##???? | | ???????????# #?????#????# ##??#????? | | ???????????+ # ? ??#???## #????????? | | #??? ??????# # ??????### ############???##??? | | ??? ???????# + ?###### ##### ###?????? | | ????????"??# # # ????? | | ???????????# # + T T ??????? | | ????????#??# # ???# ????? | | ?????##?#??# ########/## ##### ###????#? | | ??????#????# # ####+######?# ####?????? | | ???????????# # """"" #?? ?? ?#??## #????????? | +----------------------------------------------------+ Best States ------------- Heat Dissipation 25 Energy Generation 10 Energy Capacity 250 Matter Stores 300 Matter Capacity 300 Sight Range 16 Terrain Scan Range 16 Terrain Scan Density 60 Evasion (%) 62 Item Schematics ----------------- None Robot Schematics ------------------ None Fabricated ------------ Nothing Alien Tech Used ----------------- None Achievements -------------- None Challenges ------------ None RPGLIKE | -11 -10 --------- Run | Scr Mat Levels Raised . | . . XP Earned 4215 | 3000 1215 XP Spent 2900 | 2900 . Upgrades 4 | 4 . Propulsion Slot 1 | 1 . Utility Slot 3 | 3 . Protomatter Created 68 | . 68 Integrity Restored 74 | . 74 Core 26 | . 26 Parts 48 | . 48 Protomatter Decayed 13 | . 13 Game ------ Seed TargetingSegregatorFlakker Manual? 0 Play Time 00:12:01 Cumulative 19.8 hours Start 2020.01.14 @ 15:11:01 End 2020.01.14 @ 15:21:08 Sessions 1 Manual Loads 0 Difficulty Rogue Special Mode Winter2019/RPGLIKE Game No. 12 Rogue 12 Adventurer 0 Explorer 0 Win Type - Total 0 Types 0/0/0/0/0/0/0 Lore% 40 Gallery% 20 Achievement% 32 Wizard Run 0 Options --------- ASCII 0 Keyboard 0 Movement Numpad Keybinds 0 Fullscreen 1 Font 14/SmallcapsGlow Map View 84x54 Tactical HUD 1 Map Filters NONE Filters NONE Steam 1 RUN: a159f604-55d0-4e4e-bff1-48e5dc6c32da